Map: Alcyone LE

Players

MintBerry - Winner!

  • Race: Terran Terran
  • League: Gold
  • Spawn Location: 7:00

Subwayeatn

  • Race: Protoss Protoss
  • League: Platinum
  • Spawn Location: 1:00

VOD

Have the link to the VOD?

Description

Time

  • Played on: Nov. 9, 2023, 11:48 a.m.
  • Length: 2:47
Show
View Real Time Build Order
Export as new Build Order

MintBerry Terran - Winner!

Build Orders:  

Get SALT Encoding   

  12  0:00  SCV  
  13  0:15  Supply Depot  
  13  0:23  Refinery  
  13  0:24  SCV  
  14  0:40  Barracks  
  14  0:45  SCV  
  15  0:56  Barracks  
  15  1:00  SCV  
  16  1:13  SCV  
  17  1:25  SCV  
  18  1:27  Reaper  
  18  1:29  Supply Depot  
  19  1:37  SCV  
  20  1:43  Reaper  
  21  1:50  Refinery  
  21  1:51  Orbital Command  
  21  1:59  Reaper  
  22  2:16  Barracks Reactor  
  22  2:27  Command Center  
Show
View Real Time Build Order
Export as new Build Order

Subwayeatn Protoss 

Build Orders:  

Get SALT Encoding   

  12  0:00  Probe  
  13  0:12  Probe  
  14  0:21  Pylon  
  14  0:24  Probe  
  15  0:34  Assimilator  
  15  0:39  Probe  
  16  0:51  Probe (Chrono Boost)  
  16  0:53  Gateway  
  17  1:03  Probe (Chrono Boost)  
  18  1:07  Probe (Chrono Boost)  
  19  1:17  Probe (Chrono Boost), Pylon  
  20  1:28  Probe (Chrono Boost)  
  21  1:32  Probe (Chrono Boost)  
  22  1:44  Probe  
  23  1:49  Cybernetics Core  
  23  1:56  Probe  
  24  2:04  Forge  
  24  2:07  Nexus  
  24  2:09  Probe (Chrono Boost)  
  25  2:15  Assimilator  
  25  2:20  Probe (Chrono Boost)  
  26  2:30  Probe  
  27  2:39  Pylon  
Tags
 
Matchup
PvT
Replay Pack
Multiplayer
Spawn Locations
Cross Positions
Add a new tag
Caveats
  • Supply blocks, unpowered buildings, or Contaminate may cause inaccurate times.
  • Supply counts are checked every 10 seconds.